 Dungeon Crawl Stone Soup version 0.20.0-15-g7f486f2 (webtiles) character file.

116 manyhoops the Slasher (level 4, -9/36 HPs)
             Began as a Draconian Gladiator on June 14, 2017.
             Mangled by Sigmund
             ... wielding a +0 scythe
              (12 damage)
             ... on level 2 of the Dungeon.
             The game lasted 00:03:07 (1593 turns).

manyhoops the Slasher (Draconian Gladiator)         Turns: 1593, Time: 00:03:08

Health: -9/36      AC:  5    Str: 17    XL:     4   Next: 70%
Magic:  4/4        EV: 13    Int:  8    God:
Gold:   64         SH:  0    Dex: 13    Spells: 3/3 levels left

rFire    . . .     SeeInvis .   a - +0 long sword
rCold    . . .     Gourm    .   (no shield)
rNeg     . . .     Faith    .   (armour unavailable)
rPois    .         Spirit   .   b - +0 hat
rElec    .         Reflect  .   (no cloak)
rCorr    .         Harm     .   (no gloves)
MR       .....                  (no boots)
Stlth    +.........             (no amulet)
Regen    0.2/turn               (no ring)
MPRegen  0.1/turn               (no ring)

@: confused, hasted, very quick
A: unfitting armour, cold-blooded, AC +5
a: no special abilities


You were on level 2 of the Dungeon.
You were not hungry.

You visited 1 branch of the dungeon, and saw 2 of its levels.

You collected 64 gold pieces.

Inventory:

Hand Weapons
 a - a +0 long sword (weapon)
Missiles
 c - 3 throwing nets (quivered)
Armour
 b - a +0 hat (worn)
Scrolls
 h - 2 scrolls of teleportation
 i - a scroll of magic mapping
Potions
 f - a potion of lignification
 k - a potion of flight
Comestibles
 d - 4 bread rations
 l - 2 fruits


   Skills:
 - Level 2.1 Fighting
 + Level 5.5 Long Blades
 - Level 1.7 Throwing
 - Level 2.6 Dodging


You had 3 spell levels left.
You didn't know any spells.

Dungeon Overview and Level Annotations

Branches:
Dungeon (2/15)

Altars:
Ashenzari

Annotations:
D:2 Sigmund


Innate Abilities, Weirdness & Mutations

Your plain brown scales are hard. (AC +5)
You cannot fit into any form of body armour.
You are cold-blooded and may be slowed by cold attacks.


Message History

You hear some strange, mumbled words.
Something tries to affect you, but you resist.
A magic dart appears from out of thin air!
The magic dart hits you!
You are confused.
You're too confused to move!
You bump into the rock wall.
You bump into the rock wall.
You hear some strange, mumbled words.
You are more confused.
You're too confused to move!
Something hits you!
* * * LOW HITPOINT WARNING * * *
It was a potion of haste.
You feel yourself speed up.
Sigmund appears from thin air!
Reactivating autopickup.
You're too confused to move!
Sigmund closely misses you.
You bump into the rock wall.
You bump into the rock wall.
Sigmund hits you from afar with a scythe!
You die...

,,,*#.....#######.....####.###.##
,,**#.....# #.####..........#
,,,*#.....#### #.##....###.#####
_***#.###....####.##.#....#.#
**###.###....'....##.#<..##.#
###....##.(..#######.....)..#
#.###.....#### #######.######
#..##(...## #........)..#
....#.#..# #@#####.###.#
##..#....# #..@.(#.....#
##.#.##.# #####.#.#.### #...##.#
#.##### #......# #.....#
##...#### #####.# #....##### #.#
#........# ####.# #....###'#*****
#....#


You could see Sigmund.

Vanquished Creatures
  5 adders (D:2)
  An ooze (D:1)
  3 dart slugs
  2 leopard geckos (D:1)
  A giant cockroach (D:1)
  12 hobgoblins
  6 jackals (D:1)
  2 quokkas (D:2)
  2 ball pythons
  6 bats
  3 frilled lizards (D:1)
  4 goblins (D:1)
  7 kobolds
  4 rats
58 creatures vanquished.

Notes
Turn   | Place    | Note
-------+----------+-------------------------------------------
     0 | D:1      | manyhoops the Draconian Gladiator began the quest for the Orb.
     0 | D:1      | Reached XP level 1. HP: 17/17 MP: 1/1
    59 | D:1      | Reached XP level 2. HP: 12/24 MP: 2/2
   360 | D:1      | Reached skill level 4 in Long Blades
   419 | D:1      | Reached XP level 3. HP: 23/29 MP: 3/3
  1003 | D:2      | Reached skill level 5 in Long Blades
  1003 | D:2      | Reached XP level 4. HP: 36/36 MP: 4/4
  1176 | D:2      | Found a shattered altar of Ashenzari.
  1383 | D:2      | Noticed Sigmund
  1593 | D:2      | Mangled by Sigmund

Skill      XL: |  1  2  3 |
---------------+----------+-----
Long Blades    | 4 5 |  5.5
Fighting       | |  2.1
Throwing       | |  1.7
Dodging        | |  2.6

Action                   |  1- 3 |  4- 6 || total
-------------------------+-------+-------++-------
Melee: Long sword        |    94 |    45 ||   139
       Tailslap          |    15 |     7 ||    22
  Use: Potion            |       |     4 ||     4
       Scroll            |       |     2 ||     2
  Eat: Chunk             |       |     2 ||     2
Armor: Skin              |    33 |    31 ||    64
Dodge: Dodged            |    92 |    37 ||   129
       Rpst.: Long sword |    27 |     9 ||    36
